 Dungeon Crawl Stone Soup version 0.29.1-1-gd02db6906a (webtiles) character file.

Game seed: 5240456273847799250

501 warriortoast the Magician (level 6, -2/32 HPs)
             Began as a Deep Elf Conjurer on Oct 14, 2022.
             Slain by a centaur (5 damage)
             ... on level 5 of the Dungeon.
             The game lasted 00:09:03 (5381 turns).

warriortoast the Magician (Deep Elf Conjurer)       Turns: 5381, Time: 00:09:04

Health: -2/32      AC:  3    Str:  4    XL:     6   Next: 95%
Magic:  9/18       EV: 12    Int: 25    God:
Gold:   190        SH:  0    Dex: 13    Spells: 15/19 levels left

rFire   . . .      SeeInvis .   (no weapon)
rCold   . . .      Faith    .   (no shield)
rNeg    . . .      Spirit   .   a - +0 robe
rPois   .          Reflect  .   (no helmet)
rElec   .          Harm     .   (no cloak)
rCorr   .          Rampage  .   (no gloves)
Will    .....                   q - +0 pair of boots
Stlth   ++........              (no amulet)
HPRegen 0.10/turn               (no ring)
MPRegen 0.16/turn               (no ring)

@: no status effects
A: no striking features
a: no special abilities


You were on level 5 of the Dungeon.
You visited 1 branch of the dungeon, and saw 5 of its levels.

You collected 226 gold pieces.
You spent 36 gold pieces at shops.

Inventory:

Armour
 a - a +0 robe (worn)
 q - a +0 pair of boots (worn)
Jewellery
 c - a ring of willpower
 l - a +6 ring of dexterity
 m - an amulet of faith
 r - a ring of magical power
Wands
 o - a wand of light (7)
Scrolls
 d - 2 scrolls of noise {unknown}
 f - 2 scrolls of identify {unknown}
 j - 2 scrolls of teleportation {unknown}
 p - a scroll of amnesia {unknown}
 s - a scroll of immolation {unknown}
 t - a scroll of enchant armour {unknown}
Potions
 b - a potion of magic
 e - 2 potions of degeneration {unknown}
 g - 4 potions of curing {unknown}
 h - a potion of attraction {unknown}
 i - 2 potions of might
 k - 3 potions of brilliance {unknown}
 n - 2 potions of mutation {unknown}


   Skills:
 - Level 2.4 Dodging
 - Level 2.4 Stealth
 + Level 7.4 Spellcasting
 + Level 7.2 Conjurations


You had 15 spell levels left.
You knew the following spells:

 Your Spells              Type           Power      Damage    Failure   Level
a - Magic Dart            Conj           100%       1d8       1%          1
b - Dazzling Flash        Conj/Hex       54%        N/A       4%          3

Your spell library contained the following spells:

 Spells                   Type           Power      Damage    Failure   Level
 Searing Ray              Conj           90%        2d7       1%          2
 Ensorcelled Hibernation  Hex/Ice        18%        N/A       10%         2
 Passwall                 Tmut/Erth      7%         N/A       10%         2
 Fulminant Prism          Conj/Hex       13%        3d9       14%         4
 Iskenderun's Mystic Bla  Conj/Tloc      27%        2d7       14%         4
 Swiftness                Air            9%         N/A       19%         3
 Summon Lightning Spire   Summ/Air       9%         N/A       54%         4
 Storm Form               Tmut/Air       4%         N/A       100%        7
 Maxwell's Capacitive Co  Air            4%         ∞         100%        8


Dungeon Overview and Level Annotations

Branches:
Dungeon (5/15)
 Temple: D:4-7

Altars:
Elyvilon
Okawaru

Shops:
D:1 *


Message History

The magic dart hits the jackal.
You kill the jackal!
The magic dart hits the jackal.
You kill the jackal!
You can't see any susceptible monsters within range! (Use Z to cast anyway.)
You can't see any susceptible monsters within range! (Use Z to cast anyway.)
A centaur comes into view.
A centaur is nearby!
The magic dart hits the centaur but does no damage.
The centaur shouts!
The centaur wields a +0 shortbow.
The centaur shoots an arrow.
The arrow hits you!
A centaur comes into view.
You see here a jackal corpse.
Found a stone staircase leading up.
The centaur shoots an arrow.
The arrow misses you.
The centaur shoots an arrow.
The arrow hits you!
The centaur drinks a potion.
The centaur seems to grow stronger.
You are too injured to fight recklessly!
Casting: Magic Dart (safe; 1% risk of failure)
Confirm with . or Enter, or press ? or * to list all spells.
Casting: Dazzling Flash (dangerous; 4% risk of failure)
Press: ? - help, Dir - look around, f - activate You can't see that place.
Okay, then.
Casting: Dazzling Flash (dangerous; 4% risk of failure)
Confirm with . or Enter, or press ? or * to list all spells.
Casting: Dazzling Flash (dangerous; 4% risk of failure)
Press: ? - help, Dir - look around, f - activate The centaur unwields a +0 shortbow.
The centaur hits you.
* * * LOW HITPOINT WARNING * * *
The centaur barely misses you. The centaur hits you.
* * * LOW HITPOINT WARNING * * *
The centaur closely misses you.
Casting: Dazzling Flash (dangerous; 4% risk of failure)
Confirm with . or Enter, or press ? or * to list all spells.
Casting: Dazzling Flash (dangerous; 4% risk of failure)
Press: ? - help, Dir - look around, f - activate The centaur is dazzled.
The centaur hits you.
You die...

##.#.######...#§≈≈≈≈§≈§§#
#....######.#.#§.§§≈§.§≈#
#.#......##.###≈.§.§.≈.§#
#...^.......###≈§§._§§§≈#
########......#§§≈§§§§.≈#
########≈..≈≈≈§§§#
#.≈≈§≈≈§§.#
#########.§.......#
#.@......#########.
#c######.# #.. # #.# #.#
#.# #...##.#### #.# #.#
#.........###.## #.#
#...##.##.##...#######.#
#.. #.##.#.............
#. #....c†...########. <.
.....######c## #.


You could see a centaur (strong, blind).

Vanquished Creatures
  An ogre (D:5)
  2 phantoms (D:5)
  3 hounds
  An iguana (D:5)
  6 gnolls
  4 adders
  2 shadow imps (D:5)
  A dart slug (D:1)
  2 orcs (D:4)
  3 ball pythons
  5 bats
  7 endoplasms
  A giant cockroach (D:3)
  2 goblins
  A hobgoblin (D:1)
  3 jackals (D:5)
  A quokka (D:4)
  A frilled lizard (D:1)
  2 kobolds (D:1)
  8 rats
56 creatures vanquished.

Vanquished Creatures (others)
  2 plants (D:2)
2 creatures vanquished.

Grand Total: 58 creatures vanquished

Notes
Turn   | Place    | Note
-------+----------+-------------------------------------------
     0 | D:1      | warriortoast the Deep Elf Conjurer began the quest for the
                  | Orb.
     0 | D:1      | Reached XP level 1. HP: 10/10 MP: 6/6
   301 | D:1      | Reached XP level 2. HP: 15/15 MP: 5/8
   541 | D:1      | Found Maunukh's Assorted Antiques.
   550 | D:1      | Bought a cyan potion for 18 gold pieces
   550 | D:1      | Bought a blue potion for 18 gold pieces
  1006 | D:1      | Found a faded altar of an unknown god.
  1966 | D:2      | Reached skill level 5 in Conjurations
  1966 | D:2      | Reached XP level 3. HP: 19/19 MP: 8/10
  1970 | D:2      | Learned a level 3 spell: Dazzling Flash
  3057 | D:4      | Reached XP level 4. HP: 17/24 MP: 3/12
  3232 | D:3      | Reached skill level 5 in Spellcasting
  3430 | D:4      | Noticed a black bear
  3514 | D:4      | Noticed a centaur
  3519 | D:5      | Entered Level 5 of the Dungeon
  3598 | D:5      | Noticed an ogre
  3686 | D:5      | Killed an ogre
  3687 | D:5      | Reached XP level 5. HP: 11/28 MP: 5/15
  4116 | D:5      | Found an iron altar of Okawaru.
  4224 | D:5      | Found a white marble altar of Elyvilon.
  4447 | D:5      | Reached XP level 6. HP: 22/32 MP: 6/17
  4657 | D:5      | Noticed an ice beast
  5381 | D:5      | Slain by a centaur

Illustrated notes

Levels and vault maps discovered:
D:1:      dpeg_arrival_stone_temple_mockup, layout_basic,
          basic_ecumenical_altar, serial_shops, nicolae_shop_stone,
          amethyst_killhole
D:2:      wad_lake_hut, layout_loops_ring
D:3:      layout_basic
D:4:      minmay_opposing_rooms, layout_cave_pods, serial_column_ruins,
          column_ruins_corridor_dead_end, column_ruins_corridor_straight,
          column_ruins_grid_1, column_ruins_open_medium
D:5:      layout_loops_corners, nicolae_overflow_crystal_walls,
          mainiacjoe_overflow_paths

Skill      XL: |  1  2  3  4  5  6 |
---------------+-------------------+-----
Spellcasting   | 4 5 6 7 |  7.4
Conjurations   | 5 6 7 |  7.2
Dodging        | |  2.4
Stealth        | |  2.4

Action                   |  1- 3 |  4- 6 || total
-------------------------+-------+-------++-------
Melee: Unarmed           |       |     5 ||     5
 Cast: Magic Dart        |    66 |   111 ||   177
       Dazzling Flash    |       |     6 ||     6
Armor: Robe              |    20 |     4 ||    24
Dodge: Dodged            |    40 |    39 ||    79
